 Dungeon Crawl Stone Soup version 0.27-a0-1200-g94dc6ad4cf (webtiles) character file.

Game seed: 11703697311736294553

45 polve the Chopper (level 3, -3/29 HPs)
             Began as a Demonspawn Berserker on May 30, 2021.
             Was a Follower of Trog.
             Slain by Sigmund
             ... wielding a +0 scythe
              (12 damage)
             ... on level 2 of the Dungeon.
             The game lasted 00:01:30 (1521 turns).

polve the Chopper (Demonspawn Berserker)            Turns: 1521, Time: 00:01:31

Health: -3/29      AC:  6    Str: 18    XL:     3   Next: 42%
Magic:  3/3        EV: 10    Int:  8    God:    Trog [*.....]
Gold:   65         SH:  0    Dex: 12    Spells: 2/2 levels left

rFire    . . .     SeeInvis .   l - +0 broad axe
rCold    . . .     Faith    .   (no shield)
rNeg     . . .     Spirit   .   e - +0 scale mail
rPois    .         Reflect  .   (helmet restricted)
rElec    .         Harm     .   (no cloak)
rCorr    .         Rampage  .   (no gloves)
Will     .....                  (no boots)
Stlth    ..........             (no amulet)
HPRegen  0.09/turn              (no ring)
MPRegen  0.16/turn              (no ring)

@: no status effects
A: horns 1, magic regeneration
a: Renounce Religion, Berserk


You were on level 2 of the Dungeon.
You worshipped Trog.
Trog was aware of your devotion.
You visited 1 branch of the dungeon, and saw 2 of its levels.

You collected 65 gold pieces.

Inventory:

Hand Weapons
 a - a +0 hand axe
 l - a +0 broad axe (weapon)
Missiles
 i - 5 atropa-tipped darts
Armour
 b - a +0 animal skin
 e - a +0 scale mail (worn)
 h - a +0 pair of gloves
Scrolls
 c - a scroll of identify {unknown}
 g - a scroll of fear {unknown}
 k - a scroll of teleportation {unknown}
Potions
 d - a potion of resistance {unknown}
 f - a potion of brilliance {unknown}
 j - a potion of berserk rage {unknown}


   Skills:
 - Level 3.0 Fighting
 - Level 3.2 Axes
 - Level 1.7 Armour
 - Level 1.7 Dodging
 + Level 2.2 Unarmed Combat


You had 2 spell levels left.
You didn't know any spells.
Your spell library was empty.

Dungeon Overview and Level Annotations

Branches:
Dungeon (2/15)

Altars:

Annotations:
D:2 Sigmund


Innate Abilities, Weirdness & Mutations

You have a pair of small horns on your head.
You regenerate magic rapidly.


Message History

You are too injured to fight recklessly!
You are too injured to fight recklessly!
You are too injured to fight recklessly!
You are too injured to fight recklessly!
You are too injured to fight recklessly!
You are too injured to fight recklessly!
You are too injured to fight recklessly!
You are too injured to fight recklessly!
You are too injured to fight recklessly!
You hit the quokka. You headbutt the quokka.
You kill the quokka!
Trog accepts your kill.
Search for what [? for help]? broa You see here a +0 broad axe.
l - a +0 broad axe (weapon)
There is a stone staircase leading down here.
There is a stone staircase leading down here.
Found a ring mail.
Found a stone staircase leading up.
You see here a +0 ring mail.
There is a stone staircase leading up here.
Sigmund the Dreaded comes into view.
He is wielding a +0 scythe.
Sigmund shouts!
Sigmund gestures at you while chanting. The puff of flame hits you.
Sigmund gestures at you while chanting. The puff of flame hits you.
You completely miss Sigmund. Sigmund barely misses you. x2
You closely miss Sigmund.
Sigmund points at you and mumbles some strange words.
The magic dart hits you.
You hit Sigmund but do no damage. Sigmund barely misses you.
You closely miss Sigmund. Sigmund hits you with a +0 scythe.
Sigmund hits you with a +0 scythe!
You closely miss Sigmund.
Sigmund casts a spell at himself.
Sigmund flickers and vanishes!
Deactivating autopickup; reactivate with Ctrl-A.
You miss something. Something hits you!
You die...

.... ... ... #.. .
#.# .###.# ..##{#
#.##@# #.##.# .##
#.##.## ..#
##.#...# #.##.#
#.....#.##.##.#
#.<#.#.###.##.#
#..##.## #.##.# #
#.[#######.##.###.#
#..##.............#


There were no monsters in sight!

Vanquished Creatures
  An adder (D:2)
  A dart slug (D:1)
  A bat (D:1)
  5 endoplasms
  3 giant cockroaches
  2 goblins (D:1)
  4 hobgoblins
  3 jackals (D:1)
  2 quokkas
  2 frilled lizards (D:1)
  4 kobolds
  2 rats
30 creatures vanquished.

Notes
Turn   | Place    | Note
-------+----------+-------------------------------------------
     0 | D:1      | polve the Demonspawn Berserker began the quest for the Orb.
     0 | D:1      | Reached XP level 1. HP: 18/18 MP: 1/1
   423 | D:1      | Gained mutation: You have a pair of small horns on your
                  | head. [demonic ancestry]
   423 | D:1      | Reached XP level 2. HP: 23/24 MP: 2/2
   687 | D:1      | Reached skill level 1 in Unarmed Combat
   976 | D:1      | Found a faded altar of an unknown god.
  1023 | D:1      | Gained mutation: You regenerate magic rapidly. [demonic
                  | ancestry]
  1023 | D:1      | Reached XP level 3. HP: 23/29 MP: 3/3
  1511 | D:2      | Noticed Sigmund
  1521 | D:2      | Slain by Sigmund

Illustrated notes

Levels and vault maps discovered:
D:1:      minmay_arrival_four_loops, layout_basic, basic_ecumenical_altar,
          corexii_leaking_fountain
D:2:      layout_loops_ring, uniq_sigmund

Skill      XL: |  1  2  3 |
---------------+----------+-----
Axes           | 3 |  3.2
Unarmed Combat | 1 2 |  2.2
Fighting       | |  3.0
Armour         | |  1.7
Dodging        | |  1.7

Action                   || total
-------------------------++-------
Melee: Hand axe          ||    87
       Headbutt          ||     8
       Broad axe         ||     6
Armor: Animal skin       ||     1
       Scale mail        ||    33
Dodge: Dodged            ||    53

Table legend: (Time is in decaauts)
 A = Elapsed time spent in this place.
 B = Non-inter-level travel time spent in this place.
 C = Inter-level travel time spent in this place.
 D = Time resting spent in this place.
 E = Time spent auto-exploring this place.
 F = Levels seen in this place.
 G = Mean time per level.
                   A        B        C        D        E       F      G
               +--------+--------+--------+--------+--------+-----+--------+
         Total |   1535 |   1427 |    108 |      0 |   1213 |   2 |  767.5 |
       Dungeon |   1535 |   1427 |    108 |      0 |   1213 |   2 |  767.5 |
               +--------+--------+--------+--------+--------+-----+--------+

Top non-repeatable levels by time:
     D:1: 1187 daAuts
     D:2: 348 daAuts
